 Dungeon Crawl Stone Soup version 0.24-a0-368-g0e0cebd0f3 (webtiles) character file.

Game seed: 1225986389556438308

4897 nikopol the Thaumaturge (level 10, -6/51 (52) HPs)
             Began as a Deep Elf Fire Elementalist on May 29, 2019.
             Was a Believer of Vehumet.
             Shot with a sling bullet by Joseph (16 damage)
             ... on level 8 of the Dungeon.
             The game lasted 00:26:00 (8754 turns).

nikopol the Thaumaturge (DEFE)                      Turns: 8754, Time: 00:26:00

HP:   -6/51 (52)    AC:  8    Str:  5    XL:     10   Next: 26%
MP:   2/27          EV: 14    Int: 24    God:    Vehumet [**....]
Gold: 333           SH:  0    Dex: 15    Spells: 15/31 levels left

rFire    . . .     SeeInvis +   D - staff of energy
rCold    . . .     Gourm    .   (no shield)
rNeg     + . .     Faith    .   j - +2 robe {MR+}
rPois    .         Spirit   .   (no helmet)
rElec    .         Reflect  .   d - +2 cloak
rCorr    .         Harm     .   J - +0 pair of gloves
MR       ++...                  (no boots)
Stlth    +++.......             (no amulet)
HPRegen  0.17/turn              a - ring of positive energy
MPRegen  0.20/turn              w - ring of see invisible

@: no status effects
A: no striking features
a: Renounce Religion


You were on level 8 of the Dungeon.
You worshipped Vehumet.
Vehumet was pleased with you.
You were not hungry.

You visited 2 branches of the dungeon, and saw 9 of its levels.

You collected 414 gold pieces.
You spent 81 gold pieces at shops.

Inventory:

Hand Weapons
 n - the +5 short sword of the Puffin {freeze, Dex+4}
   (You found it on level 4 of the Dungeon)

   It has been specially enchanted to freeze those struck by it, causing extra
   injury to most foes and up to half again as much damage against particularly
   susceptible opponents.
   It can also slow down cold-blooded creatures.
   It affects your dexterity (+4).
Armour
 d - a +2 cloak (worn)
 j - a +2 robe of magic resistance (worn)
 v - a +2 robe of resistance
 J - a +0 pair of gloves (worn)
Magical Staves
 D - an uncursed staff of energy (weapon)
Jewellery
 a - a ring of positive energy (left hand)
 w - a ring of see invisible (right hand)
 G - an uncursed ring of ice
Wands
 B - a wand of iceblast (18)
Scrolls
 e - 3 scrolls of identify
 g - 2 scrolls of enchant armour {unknown}
 h - 2 scrolls of remove curse
 i - 6 scrolls of teleportation {unknown}
 l - a scroll of enchant weapon {unknown}
 r - a scroll of noise {unknown}
 t - a scroll of magic mapping {unknown}
 u - a scroll of amnesia {unknown}
 x - 2 scrolls of vulnerability {unknown}
 y - 2 scrolls of silence {unknown}
 z - a scroll of fear {unknown}
 E - a scroll of immolation {unknown}
 F - a scroll of blinking {unknown}
 I - a scroll of acquirement {unknown}
Potions
 b - a potion of invisibility {unknown}
 f - a potion of agility
 k - a potion of lignification {unknown}
 m - 2 potions of degeneration {unknown}
 o - a potion of resistance {unknown}
 p - 2 potions of heal wounds
 q - a potion of brilliance {unknown}
 s - 3 potions of curing
 A - 2 potions of mutation {unknown}
 C - a potion of might {unknown}
Comestibles
 c - 11 rations


   Skills:
 + Level 1.2 Fighting
 + Level 3.6 Dodging
 + Level 4.5 Stealth
 + Level 11.4 Spellcasting
 + Level 9.0 Conjurations
 + Level 9.8 Fire Magic
 + Level 1.3 Ice Magic


You had 15 spell levels left.
You knew the following spells:

 Your Spells              Type           Power        Failure   Level  Hunger
a - Flame Tongue          Conj/Fire      #####        1%          1    None
b - Throw Flame           Conj/Fire      ######       1%          2    None
c - Conjure Flame         Conj/Fire      ######..     1%          3    None
d - Sticky Flame          Conj/Fire      ######..     1%          4    None
e - Fireball              Conj/Fire      ######....   2%          5    None
f - Freeze                Ice            ###.         2%          1    None

Your spell library contained the following spells:

 Spells                   Type           Power        Failure   Level  Hunger
 Throw Frost              Conj/Ice       #####.       1%          2    None
 Inner Flame              Hex/Fire       #####...     1%          3    None
 Apportation              Tloc           ##....       4%          1    None
 Summon Butterflies       Summ           ##......     4%          1    None
 Lesser Beckoning         Tloc           ##........   14%         3    None
 Tukima's Dance           Hex            ##......     14%         3    None
 Alistair's Intoxication  Tmut/Pois      ##......     77%         5    None
 Invisibility             Hex            ##......     100%        6    None


Dungeon Overview and Level Annotations

Branches:
Dungeon (8/15)             Temple (1/1) D:5
   Lair: D:8-11

Altars:
Ashenzari
Dithmenos
Fedhas
Hepliaklqana
Makhleb
Nemelex Xobeh
Okawaru
Qazlal
Ru
Trog
Uskayaw
Vehumet
Wu Jian
Xom
Yredelemnul
Zin

Shops:
D:5 *

Annotations:
D:8 Joseph


Message History

Aim: Joseph, wielding a +0 hunting sling of freezing and wearing a +0 ring mail (severely wounded)
The fireball explodes!
The fireball engulfs Joseph.
Joseph is almost dead.
Casting: Fireball (safe; 2% risk of failure)
Confirm with . or Enter, or press ? or * to list all spells.
You don't have enough magic to cast that spell.
Unknown command.
Casting: Fireball (safe; 2% risk of failure)
Confirm with . or Enter, or press ? or * to list all spells.
Aiming: Flame Tongue (safe; 1% risk of failure)
Press: ? - help, Shift-Dir - straight line, f/p - Joseph
Aim: Joseph, wielding a +0 hunting sling of freezing and wearing a +0 ring mail (almost dead)
The flame tongue hits Joseph.
Joseph is almost dead.
Joseph shoots a sling bullet.
The sling bullet hits you!
* * * LOW HITPOINT WARNING * * *
The sling bullet freezes you.
* * * LOW HITPOINT WARNING * * *
Joseph shoots a sling bullet.
The sling bullet hits you!
You die...

#...# #...# #...# #...#
#####...###### #.. ..
.............####.####
..
......(........##.....
..
.......รท@...@#.##..###
..
#####..[###..(.......#
.. #...# #.##.##..#.##.
#...# #.##(#...#...##
#...# #.##[..#####)..
#...# #.####...#.).))
##.## #.#####@.#z#...
.. ........[).#...
####.####.##...


You could see Joseph.

Vanquished Creatures
  A two-headed ogre (D:8)
  Pikel (D:5)
  A hippogriff (D:7)
  Sigmund (D:3)
  Duvessa (D:5)
  2 orc warriors
  A sky beast (D:6)
  A black bear (D:6)
  A necrophage (D:6)
  3 phantoms
  4 ogres
  2 centaurs
  A wyvern zombie (D:7)
  4 bullfrogs
  5 scorpions
  Dowan (D:5)
  3 wights (D:8)
  A howler monkey (D:3)
  2 centaur zombies
  3 crimson imps
  2 jellies
  11 orc priests
  8 orc wizards
  Crazy Yiuf (D:6)
  2 hounds (D:7)
  8 worker ants
  2 worker ant zombies
  A howler monkey zombie (D:7)
  8 gnolls
  A howler monkey skeleton (D:6)
  5 adders
  3 shadow imps
  An adder zombie (D:5)
  An adder skeleton (D:8)
  A worm (D:2)
  A dart slug (D:1)
  7 leopard geckos
  44 orcs
  A ball python (D:5)
  4 giant cockroaches
  5 goblins
  10 hobgoblins
  9 jackals
  4 bats
  4 frilled lizards
  7 kobolds
  A leopard gecko zombie (D:7)
  A quokka zombie (D:7)
  6 rats
198 creatures vanquished.

Vanquished Creatures (others)
  A phantom (D:5)
  A giant cockroach (D:5)
2 creatures vanquished.

Grand Total: 200 creatures vanquished

Notes
Turn   | Place    | Note
-------+----------+-------------------------------------------
     0 | D:1      | nikopol the Deep Elf Fire Elementalist began the quest for
                  | the Orb.
     0 | D:1      | Reached XP level 1. HP: 10/10 MP: 6/6
   251 | D:1      | Reached XP level 2. HP: 15/15 MP: 6/8
   741 | D:1      | Reached XP level 3. HP: 19/19 MP: 5/10
   745 | D:1      | Learned a level 2 spell: Throw Flame
   749 | D:1      | Learned a level 3 spell: Conjure Flame
  1568 | D:2      | Reached XP level 4. HP: 24/24 MP: 6/11
  1579 | D:2      | Learned a level 4 spell: Sticky Flame
  1758 | D:2      | Found a faded altar of an unknown god.
  1890 | D:3      | Noticed Sigmund
  1908 | D:3      | Killed Sigmund
  1908 | D:3      | Reached skill level 4 in Spellcasting
  1908 | D:3      | Reached skill level 5 in Fire Magic
  1908 | D:3      | Reached XP level 5. HP: 28/28 MP: 4/14
  2075 | D:3      | Reached skill level 5 in Spellcasting
  2230 | D:3      | Reached XP level 6. HP: 32/32 MP: 13/15
  2898 | D:4      | Found a bloodstained altar of Trog.
  3299 | D:4      | Reached skill level 6 in Spellcasting
  3299 | D:4      | Reached XP level 7. HP: 5/36 MP: 13/18
  3672 | D:4      | Got a fine short sword
  3673 | D:4      | Identified the +5 short sword of the Puffin {freeze, Dex+4}
                  | (You found it on level 4 of the Dungeon)
  4128 | D:5      | Entered Level 5 of the Dungeon
  4172 | D:5      | Learned a level 5 spell: Fireball
  4212 | D:5      | Found a staircase to the Ecumenical Temple.
  4221 | Temple   | Entered the Ecumenical Temple
  4230 | Temple   | Became a worshipper of Vehumet
  4247 | D:5      | Found Calez's Assorted Antiques.
  4256 | D:5      | Bought a scroll labeled RETESAFIEW for 27 gold pieces
  4256 | D:5      | Bought a scroll labeled IRGHUCLOASO for 27 gold pieces
  4256 | D:5      | Bought a scroll labeled FOV QUSHRIWKIAG for 27 gold pieces
  4602 | D:5      | Noticed Pikel
  4893 | D:5      | Killed Pikel
  4893 | D:5      | Reached skill level 7 in Spellcasting
  4893 | D:5      | Reached skill level 5 in Conjurations
  4893 | D:5      | Reached XP level 8. HP: 25/41 MP: 5/21
  5084 | D:5      | Reached skill level 8 in Spellcasting
  5397 | D:5      | Noticed Dowan
  5430 | D:5      | Noticed Duvessa
  5440 | D:5      | Killed Dowan
  5448 | D:5      | Killed Duvessa
  5807 | D:6      | Reached * piety under Vehumet
  5807 | D:6      | Offered knowledge of Sting by Vehumet.
  5807 | D:6      | Reached skill level 9 in Spellcasting
  5917 | D:6      | Reached XP level 9. HP: 23/45 MP: 8/24
  6058 | D:6      | Reached skill level 1 in Fighting
  6614 | D:6      | Found an ornate altar of the Wu Jian Council.
  6665 | D:6      | Found a runed translucent door.
  6666 | D:6      | Noticed Crazy Yiuf
  6672 | D:6      | Killed Crazy Yiuf
  6909 | D:7      | Reached ** piety under Vehumet
  6993 | D:7      | Offered knowledge of Freeze by Vehumet.
  7237 | D:7      | Reached skill level 10 in Spellcasting
  7564 | D:7      | Learned a level 1 spell: Freeze
  7786 | D:7      | Found a sparkling altar of Nemelex Xobeh.
  8031 | D:7      | Offered knowledge of Throw Frost by Vehumet.
  8179 | D:7      | Reached XP level 10. HP: 45/51 MP: 10/26
  8383 | D:8      | Noticed a two-headed ogre
  8388 | D:8      | Killed a two-headed ogre
  8388 | D:8      | Reached skill level 11 in Spellcasting
  8398 | D:8      | Reached skill level 1 in Ice Magic
  8577 | D:8      | Reached *** piety under Vehumet
  8595 | D:8      | Noticed Joseph
  8754 | D:8      | Shot with a sling bullet by Joseph

Levels and vault maps discovered:
D:1:      lemuel_arrival_funnel, layout_basic
D:2:      layout_basic, chequers_ecumenical_altar_grove
D:3:      cheibrodos_pilgrimage, layout_loops_ring, first_ration,
          hangedman_feature_mirror, uniq_sigmund
D:4:      layout_basic, bloody_trog
D:5:      layout_loops_ring, minmay_temple_entry_purple_smoke, serial_shops,
          shop, uniq_duvessa, uniq_pikel
D:6:      layout_rooms, lemuel_round_altar, uniq_crazy_yiuf_cottage
D:7:      minmay_thinvault, layout_loops_ring, nemelex_diamond_rough_becter
D:8:      layout_loops_cross, tso_oasis_becter, grunt_temple_overflow_open,
          uniq_grum, uniq_joseph
Temple:   minmay_freezing_vapour_temple

Skill      XL: |  1  2  3  4  5  6  7  8  9 10 |
---------------+-------------------------------+-----
Fire Magic     | 4 5 7 8 9 |  9.8
Stealth        | 3 4 |  4.5
Spellcasting   | 4 5 6 7 9 10 11 | 11.4
Conjurations   | 2 4 5 6 8 9 |  9.0
Dodging        | 3 |  3.6
Fighting       | 1 |  1.2
Ice Magic      | 1 |  1.3

Action                   |  1- 3 |  4- 6 |  7- 9 | 10-12 || total
-------------------------+-------+-------+-------+-------++-------
Melee: Short sword       |       |       |    24 |       ||    24
       Staff             |       |       |     1 |       ||     1
 Cast: Flame Tongue      |    56 |    73 |   225 |    13 ||   367
       Throw Flame       |     2 |    13 |    21 |       ||    36
       Conjure Flame     |       |     2 |     7 |       ||     9
       Sticky Flame      |       |     2 |    26 |     6 ||    34
       Fireball          |       |       |    12 |    11 ||    23
       Freeze            |       |       |     2 |       ||     2
  Use: Scroll            |       |     2 |     3 |       ||     5
       Potion            |       |       |     1 |       ||     1
  Eat: Chunk             |     1 |     6 |    16 |     2 ||    25
Armor: Robe              |     1 |     3 |    22 |     1 ||    27
Dodge: Dodged            |    18 |    11 |    53 |     8 ||    90

Table legend:
 A = Non-vault XP
 B = Vault XP
 C = Vault XP percentage of total XP
 D = Non-vault monster count
 E = Vault monster count
 F = Vault count percentage of total count
                 A         B        C        D         E       F
            +---------+---------+-------+---------+---------+-------
      Total |    5353 |    1643 |  23.5 |     179 |      20 |  10.1
            +---------+---------+-------+---------+---------+-------
        D:1 |      50 |       0 |   0.0 |      20 |       0 |   0.0
        D:2 |      51 |       0 |   0.0 |      13 |       0 |   0.0
        D:3 |      76 |     267 |  77.8 |      18 |       6 |  25.0
        D:4 |     400 |       0 |   0.0 |      23 |       0 |   0.0
        D:5 |     703 |     805 |  53.4 |      25 |       3 |  10.7
        D:6 |    1201 |      40 |   3.2 |      34 |       1 |   2.9
        D:7 |    1376 |     531 |  27.8 |      34 |      10 |  22.7
        D:8 |    1452 |       0 |   0.0 |      11 |       0 |   0.0
     Temple |      44 |       0 |   0.0 |       1 |       0 |   0.0
            +---------+---------+-------+---------+---------+-------
